 Dungeon Crawl Stone Soup version 0.25-a0-558-g78a2afb0af (webtiles) character file.

Game seed: 13880986706464749186, levelgen mode: classic

150404 EnegeticOcto the Pandemonic (level 16, -4/157 HPs)
             Began as a Deep Dwarf Fighter on Feb 24, 2020.
             Was a High Priest of Makhleb.
             Slain by a large slime creature (23 damage)
             ... on level 4 of the Pits of Slime.
             The game lasted 00:16:56 (15094 turns).

EnegeticOcto the Pandemonic (Deep Dwarf Fighter)   Turns: 15094, Time: 00:16:56

Health: -4/157     AC: 27    Str: 23    XL:     16   Next: 34%
Magic:  13/13      EV: 12    Int: 16    God:    Makhleb [*****.]
Gold:   1052       SH:  0    Dex: 13    Spells: 15/15 levels left

rFire    . . .     SeeInvis .   b - +9 battleaxe of Relune {flame, Int+4}
rCold    + . .     Gourm    .   (shield currently unavailable)
rNeg     + + .     Faith    .   B - +4 plate armour {rC+}
rPois    +         Spirit   .   Q - +2 helmet {Int+3}
rElec    .         Reflect  .   F - +2 ratskin cloak {+Rats rPois rN+ Str-1 Int-1 Dex+1}
rCorr    +         Harm     .   D - +1 pair of gloves
MR       ++...                  S - +0 pair of boots {Fly}
Stlth    ..........             (no amulet)
HPRegen  0.00/turn              E - ring of resist corrosion
MPRegen  0.13/turn              J - +3 ring of protection

@: corroded, flying, non-regenerating
A: damage resistance, heal wounds, molten scales 1, mutation resistance 1,
negative energy resistance 1, sense surroundings 2, weak 1, MP-powered wands, no
regeneration
}: 2/15 runes: barnacled, gossamer
a: Heal Wounds, Minor Destruction, Lesser Servant of Makhleb, Major Destruction,
Greater Servant of Makhleb, Renounce Religion, Evoke Ratskin, Stop Flying


You were on level 4 of the Pits of Slime.
You worshipped Makhleb.
Makhleb was extremely pleased with you.
You were hungry.

You visited 7 branches of the dungeon, and saw 33 of its levels.
You also visited: Ice Cave.

You collected 2431 gold pieces.
You spent 1379 gold pieces at shops.

Inventory:

Hand Weapons
 b - the +9 battleaxe of Relune (weapon) {flame, Int+4}
   (You acquired it on level 2 of the Orcish Mines)

   It has been specially enchanted to burn those struck by it, causing extra
   injury to most foes and up to half again as much damage against particularly
   susceptible opponents.
   Big, fiery blades are also staple armaments of hydra-hunters.
   It affects your intelligence (+4).
Missiles
 v - a throwing net (quivered)
Armour
 B - a +4 plate armour of cold resistance (worn)
 D - a +1 pair of gloves (worn)
 F - the +2 ratskin cloak (worn) {+Rats rPois rN+ Str-1 Int-1 Dex+1}
   (You bought it in a shop on level 11 of the Dungeon)

   It affects your strength (-1).
   It affects your intelligence (-1).
   It affects your dexterity (+1).
   It protects you from poison.
   It protects you from negative energy.
   If you remove this armour, your AC will decrease by 4 (27 -> 23).
 Q - a +2 helmet of intelligence (worn)
 S - a +0 pair of boots of flying (worn)
Jewellery
 t - an uncursed ring of protection from fire
 x - an uncursed ring of protection from magic
 E - a ring of resist corrosion (left hand)
 J - a +3 ring of protection (right hand)
Wands
 h - a wand of paralysis (7)
 i - a wand of acid (32) {@v1}
 q - a wand of flame (45)
 z - a wand of digging (6) {@v2}
 C - a wand of polymorph (11)
 I - a wand of iceblast (2)
Scrolls
 g - 5 scrolls of enchant weapon
 p - 5 scrolls of blinking {@r3}
 r - 11 scrolls of remove curse {@r6}
 u - 2 scrolls of fog
 y - 3 scrolls of teleportation {@r2}
 G - 6 scrolls of magic mapping {@r5}
 M - a scroll of enchant armour
 O - a scroll of identify {@r1}
Potions
 d - 2 potions of magic
 f - a potion of mutation
 j - 4 potions of stabbing {@q5}
 k - 3 potions of might {@q3}
 l - a potion of flight
 m - 3 potions of ambrosia
 n - 3 potions of haste {@q4}
 o - 2 potions of curing {@q1}
 H - 2 potions of heal wounds {@q2}
 K - 4 potions of lignification {@q7}
Miscellaneous
 A - a lamp of fire
Comestibles
 e - 42 rations


   Skills:
 * Level 13.6 Fighting
 * Level 15.6 Axes
 + Level 11.8 Armour
 + Level 11.4 Dodging
   Level 8.9 Shields
 * Level 17.3 Invocations


You had 15 spell levels left.
You didn't know any spells.
Your spell library was empty.

Dungeon Overview and Level Annotations

Branches:
Dungeon (12/15)            Temple (1/1) D:4            Lair (6/6) D:9
 Shoals (4/4) Lair:3       Spider (4/4) Lair:4        Slime (4/5) Lair:6
    Orc (2/2) D:10            Elf (0/3) Orc:2         IceCv (visited)

Altars:
Ashenzari
Cheibriados
Dithmenos
Elyvilon
Fedhas
Gozag
Hepliaklqana
Kikubaaqudgha
Makhleb
Nemelex Xobeh
Okawaru
Qazlal
Ru
Sif Muna
Trog
Uskayaw
Vehumet
Wu Jian
Xom
Yredelemnul
Zin
The Shining One

Shops:
D:4 ?   D:11 [   Orc:1 !   Orc:2 =(*=


Innate Abilities, Weirdness & Mutations

You are resistant to damage.
You can heal yourself by infusing magical energy.
You resist negative energy. (rN+)
You passively map the area around you.
You do not regenerate.
You are partially covered in molten scales. (AC +2)
You are somewhat resistant to further mutation.
You are weak. (Str -2)
You expend magic power (3 MP) to strengthen your wands.


Message History

You kill the acid blob!
Makhleb accepts your kill.
You feel better.
You hit the azure jelly. You burn the azure jelly.
You slash the titanic slime creature! You burn the titanic slime creature.
You completely miss the acid blob.
A slime creature comes into view. x2
The azure jelly hits you but does no damage. x2
The azure jelly hits you.
The azure jelly hits you but does no damage.
The acid blob hits you.
You are splashed with acid.
You resist.
You slash the slime creature! You burn the slime creature.
The slime creature is severely wounded.
You hit the acid blob. You burn the acid blob.
Your hands burn!
You slash the titanic slime creature! You burn the titanic slime creature.
You slice the azure jelly!! You burn the azure jelly.
The slime creature hits you but does no damage.
The acid blob hits you!
You are splashed with acid.
You resist.
The azure jelly jiggles.
The azure jelly hits you but does no damage. x2
The azure jelly barely misses you. The azure jelly closely misses you.
You hit the slime creature. You burn the slime creature.
The slime creature is severely wounded.
You slash the azure jelly! You burn the azure jelly!
You slash the titanic slime creature! You burn the titanic slime creature.
You slash the acid blob! You burn the acid blob. The acid corrodes you!
Your hands burn!
An eye of devastation comes into view.
The slime creature hits you but does no damage.
A titanic slime creature splits.
The acid blob spits acid at you.
The splash of acid hits you but does no damage.
You are splashed with acid.
You resist. The azure jelly barely misses you.
The azure jelly hits you but does no damage.
The azure jelly barely misses you.
The azure jelly hits you but does no damage.
A slime creature comes into view.
You hit the azure jelly. You burn the azure jelly.
The azure jelly is severely wounded.
Your plate armour prevents you from hitting the very large slime creature.
You slash the acid blob! You burn the acid blob.
Your hands burn!
You slice the slime creature!! You burn the slime creature!
You kill the slime creature!
Makhleb accepts your kill.
You feel better.
You slash the large slime creature! You burn the large slime creature.
The azure jelly barely misses you.
The azure jelly hits you but does no damage. x2
The azure jelly misses you.
An azure jelly comes into view.
The acid blob hits you!! The acid corrodes you!
You are splashed with acid.
You resist.
Two slime creatures merge to form an enormous slime creature.
You barely miss the azure jelly.
The azure jelly is severely wounded.
You completely miss the enormous slime creature.
You hit the acid blob. You burn the acid blob.
Your hands burn!
You slash the large slime creature! You burn the large slime creature.
The large slime creature hits you.
The acid blob hits you but does no damage.
The azure jelly hits you but does no damage. x4
Two slime creatures merge to form a titanic slime creature.
You slash the azure jelly! You burn the azure jelly.
The azure jelly is almost dead.
You slash the titanic slime creature! You burn the titanic slime creature.
You slash the acid blob! You burn the acid blob.
Your hands burn!
You slash the large slime creature! You burn the large slime creature.
The large slime creature misses you.
The acid blob hits you but does no damage.
The azure jelly completely misses you.
The azure jelly hits you but does no damage. x3
You hit the azure jelly. You burn the azure jelly.
The azure jelly is almost dead.
You barely miss the large slime creature.
You slash the acid blob! You burn the acid blob.
Your hands burn!
You slash the titanic slime creature! You burn the titanic slime creature.
The azure jelly hits you but does no damage. x2
The azure jelly hits you.
The azure jelly hits you but does no damage.
The acid blob hits you but does no damage.
The large slime creature hits you but does no damage.
You slash the azure jelly! You burn the azure jelly.
You kill the azure jelly!
Makhleb accepts your kill.
You feel better.
You slice the titanic slime creature!! You burn the titanic slime creature!
You hit the acid blob but do no damage.
Your hands burn!
You hit the large slime creature. You burn the large slime creature.
The acid blob closely misses you. The titanic slime creature hits you!!!
Two slime creatures merge to form a large slime creature.
The large slime creature barely misses you.
You hit the acid blob. You burn the acid blob.
Your hands burn!
The acid blob is severely wounded.
You slash the large slime creature! You burn the large slime creature.
You slash the large slime creature! You burn the large slime creature.
Your plate armour prevents you from hitting the titanic slime creature.
The acid blob spits acid at you. The splash of acid hits you. You resist.
You are splashed with acid.
You resist. The titanic slime creature hits you!!!!
* * * LOW HITPOINT WARNING * * *
The large slime creature hits you!!
You die...

, , * *,** * .#. , *
#### ... . * ,
##..##.. .. ,
###....#. ... ,,
##..#....#,.... ,, ,
##....#...#..... , ,
#........J.#...., ,,
, #.......@J.JG... ,
.......,
#.##....J.......,,,,
#............. ,,
#............. ,
#..............* ,
*#........#......, ,
........##...... , ,
, *#.#....#. #....*


You could see an acid blob, an azure jelly, a titanic slime creature, 2 large
slime creatures, a slime creature and an eye of devastation.

Vanquished Creatures
  Bai Suzhen (Spider:4)
  Arachne (Spider:4)
  2 acid blobs
  Donald (Spider:1)
  An azure jelly (Slime:4)
  2 ghost moths (Spider:4)
  A reaper (IceCv)
  4 emperor scorpions (Spider:4)
  An entropy weaver (Spider:2)
  2 merfolk javelineers
  A merfolk impaler (Shoals:3)
  Josephine (Lair:4)
  2 catoblepae
  A merfolk avatar (Shoals:2)
  3 hydras
  A death yak (Shoals:4)
  3 two-headed ogres
  4 skeletal warriors (D:12)
  An unseen horror (D:10)
  A sea snake (Shoals:4)
  A kraken simulacrum (Shoals:4)
  A lindwurm (Lair:6)
  2 orc knights (Orc:2)
  Pikel (D:7)
  A harpy (Shoals:4)
  8 wolf spiders
  A manticore (Shoals:1)
  2 oklob plants (Lair:6)
  A shining eye (Slime:2)
  11 orb spiders
  An ugly thing (D:12)
  2 orc sorcerers (Orc:1)
  3 cyclopes
  A faun (Shoals:2)
  2 moths of wrath
  Joseph (D:8)
  A merfolk siren (Shoals:3)
  7 black mambas
  A gargoyle (D:11)
  9 elephants
  3 rime drakes
  2 ice statues (IceCv)
  12 spiny frogs
  2 demonic crawlers
  6 komodo dragons
  4 trolls
  7 ice devils (IceCv)
  12 jumping spiders
  4 meliai (Spider:3)
  7 merfolk
  13 slime creatures
  5 hornets
  7 blink frogs
  9 hippogriffs
  12 dream sheep (Lair:4)
  4 snapping turtles
  A vampire (D:12)
  15 tarantellas
  2 shadows (D:11)
  18 redbacks
  35 yaks
  A water elemental (Shoals:1)
  4 wraiths
  A wyvern (D:11)
  Eustachio (D:5)
  Grum (D:10)
  A hungry ghost (D:12)
  4 basilisks
  2 wargs (D:9)
  17 water moccasins
  Duvessa (D:7)
  3 soldier ants
  7 porcupines
  A black bear (D:11)
  4 ice beasts
  25 orc warriors
  A slave (D:7)
  8 sky beasts
  A necrophage (D:5)
  11 ogres
  3 phantoms
  11 wolves
  13 centaurs
  13 crocodiles
  Blork the orc (D:5)
  A big kobold (D:11)
  20 bullfrogs
  A gnoll sergeant (D:10)
  Dowan (D:7)
  5 killer bees (D:11)
  9 scorpions
  A water moccasin skeleton (D:11)
  8 wights
  5 howler monkeys
  5 electric eels
  7 crimson imps
  5 centaur zombies
  8 orc priests
  4 jellies
  6 hounds
  2 quasits
  2 centaur skeletons
  5 bullfrog skeletons
  2 gnoll shamans
  17 orc wizards
  9 iguanas
  11 worker ants
  A killer bee zombie (D:6)
  A hound zombie (D:5)
  A hound skeleton (D:4)
  A worker ant zombie (D:8)
  12 gnolls
  2 howler monkey skeletons
  11 adders
  5 shadow imps
  8 white imps (IceCv)
  8 ufetubi (IceCv)
  2 oozes
  An adder zombie (D:5)
  2 worms
  A dart slug (D:1)
  3 leopard geckos
  85 orcs
  4 giant cockroaches
  2 hobgoblins
  7 kobolds
  3 quokkas
  6 bats (D:1)
  A frilled lizard (D:1)
  2 giant cockroach zombies (D:6)
  3 goblins (D:1)
  2 quokka zombies
  5 rats
  2 fungi
  11 plants
  A tentacle (Shoals:4)
733 creatures vanquished.

Vanquished Creatures (collateral kills)
  Polyphemus (Shoals:4)
  Louise (Spider:1)
  A ghost moth (Spider:4)
  2 emperor scorpions (Spider:4)
  A merfolk javelineer (Shoals:4)
  2 merfolk impalers (Shoals:4)
  A merfolk aquamancer (Shoals:4)
  A merfolk avatar (Shoals:4)
  A satyr (Shoals:4)
  A death yak (Shoals:4)
  A sea snake (Shoals:4)
  10 wolf spiders
  3 harpies (Shoals:4)
  11 orb spiders
  2 manticores (Shoals:4)
  A torpor snail (Spider:4)
  A water nymph (Shoals:4)
  3 demonic crawlers (Spider:3)
  8 jumping spiders
  2 meliai (Spider:3)
  4 merfolk (Shoals:4)
  3 hornets
  A wind drake (Shoals:4)
  A snapping turtle (Shoals:4)
  13 redbacks
  10 tarantellas
  2 water elementals (Shoals:4)
  7 orc warriors (Orc:2)
  5 centaurs (Orc:2)
  An electric eel (Spider:4)
  An orc (Orc:2)
102 creatures vanquished.

Vanquished Creatures (others)
  A black mamba (Lair:6)
  3 redbacks (Spider:4)
  A bullfrog (D:7)
  An orc priest (D:7)
  A white imp (IceCv)
  4 ufetubi (IceCv)
  2 orcs (D:7)
  8 fungi (Lair:6)
  10 plants
  2 tentacles (Shoals:4)
33 creatures vanquished.

Grand Total: 868 creatures vanquished

Notes
Turn   | Place    | Note
-------+----------+-------------------------------------------
     0 | D:1      | EnegeticOcto the Deep Dwarf Fighter began the quest for the
                  | Orb.
     0 | D:1      | Reached XP level 1. HP: 20/20 MP: 1/1
   132 | D:1      | Reached XP level 2. HP: 25/27 MP: 2/2
   276 | D:2      | Reached skill level 1 in Dodging
   276 | D:2      | Reached XP level 3. HP: 32/34 MP: 3/3
   418 | D:4      | Noticed an ogre
   419 | D:4      | Reached XP level 4. HP: 32/42 MP: 4/4
   432 | D:4      | Killed an ogre
   432 | D:4      | Reached XP level 5. HP: 48/50 MP: 4/4
   589 | D:4      | Reached XP level 6. HP: 40/57 MP: 5/5
   720 | D:4      | Found Kumnel's Magic Scroll Emporium.
   767 | D:4      | Found a staircase to the Ecumenical Temple.
   777 | Temple   | Entered the Ecumenical Temple
   867 | Temple   | Became a worshipper of Makhleb the Destroyer
   912 | D:4      | Bought a scroll of blinking for 90 gold pieces
   923 | D:4      | Reached XP level 7. HP: 64/66 MP: 6/6
   942 | D:4      | Found an opulent altar of Gozag.
  1086 | D:4      | Reached skill level 1 in Invocations
  1133 | D:5      | Entered Level 5 of the Dungeon
  1276 | D:5      | Noticed Eustachio
  1306 | D:5      | Killed Eustachio
  1306 | D:5      | Reached skill level 5 in Axes
  1306 | D:5      | Reached skill level 2 in Invocations
  1499 | D:5      | Reached skill level 5 in Fighting
  1499 | D:5      | Reached skill level 3 in Invocations
  1522 | D:5      | Reached * piety under Makhleb
  1570 | D:5      | Reached skill level 5 in Armour
  1570 | D:5      | Reached XP level 8. HP: 56/74 MP: 8/8
  1615 | D:5      | Reached skill level 5 in Shields
  1729 | D:5      | Reached skill level 4 in Invocations
  1925 | D:5      | Found a blossoming altar of Fedhas.
  1929 | D:5      | Found a radiant altar of Vehumet.
  1930 | D:5      | Found an ancient bone altar of Kikubaaqudgha.
  2069 | D:5      | Noticed Blork the orc
  2088 | D:5      | Killed Blork the orc
  2175 | D:6      | Reached skill level 5 in Invocations
  2187 | D:6      | Gained mutation: You passively map the area around you.
                  | [Deep Dwarf growth]
  2187 | D:6      | Reached XP level 9. HP: 58/82 MP: 9/11
  2217 | D:6      | Reached ** piety under Makhleb
  2474 | D:6      | Reached skill level 6 in Invocations
  2623 | D:7      | Found a shimmering blue altar of Sif Muna.
  2718 | D:7      | Noticed Pikel
  2737 | D:7      | Killed Pikel
  2737 | D:7      | Reached skill level 5 in Dodging
  2737 | D:7      | Reached skill level 7 in Invocations
  2824 | D:7      | Identified the ring "Sejievel" {+Inv rPois Str-5 Int+4
                  | Stlth-}
  2991 | D:7      | Noticed Duvessa
  2991 | D:7      | Noticed Dowan
  3008 | D:7      | Killed Duvessa
  3024 | D:7      | Killed Dowan
  3024 | D:7      | Reached *** piety under Makhleb
  3024 | D:7      | Reached XP level 10. HP: 55/94 MP: 11/11
  3447 | D:8      | Noticed Joseph
  3474 | D:8      | Killed Joseph
  3474 | D:8      | Reached skill level 8 in Invocations
  3970 | D:8      | Found a basalt altar of Yredelemnul.
  4087 | D:9      | Noticed a two-headed ogre
  4097 | D:9      | Killed a two-headed ogre
  4131 | D:9      | Reached **** piety under Makhleb
  4132 | D:9      | Reached skill level 9 in Invocations
  4141 | D:9      | Found a staircase to the Lair.
  4346 | D:9      | Noticed a two-headed ogre
  4355 | D:9      | Killed a two-headed ogre
  4430 | D:9      | Reached XP level 11. HP: 76/103 MP: 13/13
  4629 | D:10     | Entered Level 10 of the Dungeon
  4708 | D:10     | Killed an unseen horror
  4880 | D:10     | Noticed Grum
  4891 | D:10     | Killed Grum
  5079 | D:10     | Reached ***** piety under Makhleb
  5113 | D:10     | Reached skill level 10 in Invocations
  5330 | D:10     | Found a stormy altar of Qazlal.
  5538 | D:11     | Found Doeriurch's Armour Shoppe.
  5543 | D:11     | Bought the +2 ratskin cloak {+Rats rPois rN+ Str-1 Int-1
                  | Dex+1} for 444 gold pieces
  5543 | D:11     | Found the +2 ratskin cloak {+Rats rPois rN+ Str-1 Int-1
                  | Dex+1}
  5629 | D:11     | Reached skill level 10 in Axes
  6198 | D:12     | Reached skill level 11 in Invocations
  6224 | D:12     | Noticed a skeletal warrior
  6224 | D:12     | Noticed a skeletal warrior
  6226 | D:12     | Noticed a skeletal warrior
  6230 | D:12     | Noticed a skeletal warrior
  6280 | D:12     | Killed a skeletal warrior
  6280 | D:12     | Reached XP level 12. HP: 89/114 MP: 13/13
  6761 | D:12     | Noticed a two-headed ogre
  6772 | D:12     | Killed a two-headed ogre
  7093 | D:10     | Found a staircase to the Orcish Mines.
  7102 | Orc:1    | Entered Level 1 of the Orcish Mines
  7360 | Orc:1    | Reached skill level 12 in Invocations
  7548 | Orc:2    | Entered Level 2 of the Orcish Mines
  7592 | Orc:2    | Noticed an Executioner
  7593 | Orc:2    | Noticed an Executioner
  7594 | Orc:2    | Noticed a balrug
  7599 | Orc:2    | Found a staircase to the Elven Halls.
  7686 | Orc:1    | Found Upritoen's Distillery.
  7692 | Orc:1    | Bought a potion of heal wounds for 65 gold pieces
  7875 | Orc:2    | Reached skill level 10 in Fighting
  8558 | Orc:2    | Found Lomes's General Store.
  8558 | Orc:2    | Found Dukaeff's Antique Weapon Shop.
  8560 | Orc:2    | Found Umpug's Jewellery Boutique.
  8562 | Orc:2    | Found Itzovayd's Jewellery Emporium.
  8576 | Orc:2    | Bought a scroll of acquirement for 780 gold pieces
  8576 | Orc:2    | Identified the +9 battleaxe of Relune {flame, Int+4} (You
                  | acquired it on level 2 of the Orcish Mines)
  8720 | Lair:1   | Entered Level 1 of the Lair of Beasts
  8720 | Lair:1   | Noticed a six-headed hydra
  8728 | Lair:1   | Killed a two-headed hydra
  8765 | Lair:1   | Reached XP level 13. HP: 123/123 MP: 14/14
  9534 | Lair:2   | Reached skill level 13 in Invocations
 10537 | Lair:3   | Found a staircase to the Shoals.
 10649 | Lair:3   | Reached ****** piety under Makhleb
 11051 | Lair:4   | Found a frozen archway.
 11073 | IceCv    | Entered an ice cave
 11176 | IceCv    | Noticed a reaper
 11187 | IceCv    | Killed a reaper
 11187 | IceCv    | Reached skill level 14 in Invocations
 11453 | Lair:4   | Gained mutation: You resist negative energy. (rN+) [Deep
                  | Dwarf growth]
 11453 | Lair:4   | Reached XP level 14. HP: 112/135 MP: 16/16
 11459 | Lair:4   | Reached skill level 10 in Armour
 11545 | Lair:4   | Noticed Josephine
 11553 | Lair:4   | Killed Josephine
 11628 | Lair:4   | Found a hole to the Spider Nest.
 11962 | Lair:5   | Found a shimmering altar of Xom.
 12498 | Lair:6   | Entered Level 6 of the Lair of Beasts
 12601 | Lair:6   | Found a staircase to the Slime Pits.
 12667 | Lair:5   | Gained mutation: You expend magic power (3 MP) to
                  | strengthen your wands. [potion of mutation]
 12667 | Lair:5   | Gained mutation: Armour fits poorly on your strangely
                  | shaped body. [potion of mutation]
 12667 | Lair:5   | Gained mutation: Your mind is acute. (Int +2) [potion of
                  | mutation]
 12668 | Lair:5   | Lost mutation: Armour fits poorly on your strangely shaped
                  | body. [potion of mutation]
 12668 | Lair:5   | Lost mutation: You expend magic power (3 MP) to strengthen
                  | your wands. [potion of mutation]
 12668 | Lair:5   | Lost mutation: Your mind is acute. (Int +2) [potion of
                  | mutation]
 12668 | Lair:5   | Gained mutation: You are partially covered in slimy green
                  | scales. (AC +2) [potion of mutation]
 12668 | Lair:5   | Gained mutation: You have a pair of small horns on your
                  | head. [potion of mutation]
 12669 | Lair:5   | Lost mutation: You have a pair of small horns on your head.
                  | [potion of mutation]
 12669 | Lair:5   | Lost mutation: You are partially covered in slimy green
                  | scales. (AC +2) [potion of mutation]
 12669 | Lair:5   | Gained mutation: You are partially covered in molten
                  | scales. (AC +2) [potion of mutation]
 12669 | Lair:5   | Gained mutation: You are somewhat resistant to further
                  | mutation. [potion of mutation]
 12669 | Lair:5   | Gained mutation: You expend magic power (3 MP) to
                  | strengthen your wands. [potion of mutation]
 12739 | Shoals:1 | Entered Level 1 of the Shoals
 12929 | Shoals:1 | Reached skill level 15 in Invocations
 13199 | Shoals:3 | Reached skill level 10 in Dodging
 13448 | Shoals:4 | Entered Level 4 of the Shoals
 13449 | Shoals:4 | Noticed Polyphemus
 13484 | Shoals:4 | Killed Polyphemus
 13569 | Shoals:4 | Reached XP level 15. HP: 103/146 MP: 13/18
 13577 | Shoals:4 | Got a barnacled rune of Zot
 13788 | Spider:1 | Entered Level 1 of the Spider Nest
 13788 | Spider:1 | Noticed Donald
 13788 | Spider:1 | Noticed Louise
 13797 | Spider:1 | Killed Louise
 13800 | Spider:1 | Killed Donald
 13941 | Spider:3 | Reached skill level 16 in Invocations
 14413 | Spider:4 | Entered Level 4 of the Spider Nest
 14443 | Spider:4 | Noticed Bai Suzhen
 14468 | Spider:4 | Killed Bai Suzhen
 14471 | Spider:4 | Noticed Arachne
 14489 | Spider:4 | Killed Arachne
 14489 | Spider:4 | Reached skill level 15 in Axes
 14658 | Spider:4 | Killed a ghost moth
 14706 | Spider:4 | Reached XP level 16. HP: 87/157 MP: 0/13
 14715 | Spider:4 | Reached skill level 17 in Invocations
 14758 | Spider:4 | Got a gossamer rune of Zot
 15005 | Slime:1  | Entered Level 1 of the Pits of Slime
 15031 | Slime:2  | Gained mutation: You are weak. (Str -2) [a shining eye]
 15065 | Slime:3  | Noticed an acid blob
 15071 | Slime:3  | Killed an acid blob
 15078 | Slime:4  | Noticed an acid blob
 15078 | Slime:4  | Noticed an acid blob
 15086 | Slime:4  | Killed an acid blob
 15094 | Slime:4  | Slain by a large slime creature

Levels and vault maps discovered:
D:1:      lemuel_arrival_broad_hall, layout_rooms
D:2:      layout_rooms
D:3:      layout_loops_corners, minmay_between, uniq_terence
D:4:      layout_basic, grunt_gozag_statues, temple_hall, first_ration,
          serial_shops, shop_fountains
D:5:      minmay_polygon_palace, layout_basic,
          chequers_temple_overflow_statue_of_worship, uniq_blork_the_orc,
          uniq_eustachio
D:6:      layout_rooms, hangedman_abyss_or_decor_lesser_grid,
          minmay_tree_intersection
D:7:      cheibrodos_barr_body, layout_cave_pools, kennysheep_mini,
          grunt_ogre_cave, uniq_duvessa, uniq_pikel
D:8:      wander_river, layout_basic, kennysheep_mini_moat,
          chequers_serial_rivers_micro_d, uniq_joseph
D:9:      layout_small_grid, erik_lair_orcish_takeover
D:10:     layout_roguey, erik_orc_2, nicolae_qazlal_general_emergency, uniq_grum
D:11:     layout_roguey, serial_shops, shop, minmay_joined_circles
D:12:     layout_roguey
Temple:   lightli_temple_of_artemis
Lair:1:   layout_cave_pods, gauntlet_entry_generic
Lair:2:   layout_cave_pods, chequers_serial_rivers_large_a, grunt_megastairs_5
Lair:3:   layout_cave_shapes, minmay_shoals_entry_hut, lemuel_fruit_tree
Lair:4:   layout_regular_city, spider_nest_entry_funnel_web,
          portal_ice_cave_entry_pillars_1, uniq_josephine
Lair:5:   beast_lair_carwin_large_4, layout_long_grid, basic_altar
Lair:6:   evilmike_catoblepas_cave, layout_loops_ring,
          minmay_slime_entry_oklob_enclosed, worms_lemuel
Shoals:1: layout_shoals
Shoals:2: layout_shoals, st_sunken_huts
Shoals:3: layout_shoals
Shoals:4: shoals_end_grunt_ice, layout_shoals,
          nicolae_shoals_siren_and_animal_friends, uniq_polyphemus
Spider:1: layout_spider_delve, gammafunk_ghost_split, uniq_donald, uniq_frances,
          uniq_louise
Spider:2: layout_spider_delve
Spider:3: layout_spider_delve
Spider:4: spider_rune_water, zaba_antful_of_joy, uniq_arachne, uniq_bai_suzhen
Slime:1:  cheibrodos_slime_lost_civilization_2, layout_caves
Slime:2:  layout_caves
Slime:3:  layout_caves
Slime:4:  layout_caves
Orc:1:    layout_diamond_mine, serial_shops, nicolae_shop_crystal
Orc:2:    st_orc_rangers, layout_caves, nicolae_orc_flooded_monolith,
          nicolae_orc_stony_grotto

Skill      XL: |  1  2  3  4  5  6  7  8  9 10 11 12 13 14 15 16 |
---------------+-------------------------------------------------+-----
Fighting       | 3 4 5 6 7 8 9 10 11 12 13 | 13.6
Dodging        | 1 2 3 4 5 6 7 8 9 10 11 | 11.4
Axes           | 3 4 5 6 8 9 10 11 13 14 15 | 15.6
Armour         | 4 5 6 7 8 9 10 11 | 11.8
Shields        | 4 5 6 7 8 |  8.9
Invocations    | 3 5 7 9 11 12 14 15 16 17 | 17.3

Action                   |  1- 3 |  4- 6 |  7- 9 | 10-12 | 13-15 | 16-18 || total
-------------------------+-------+-------+-------+-------+-------+-------++-------
Melee: War axe           |    96 |    99 |   348 |  1213 |       |       ||  1756
       Battleaxe         |       |       |       |     9 |   731 |   107 ||   847
Invok: Lesser Servant of |       |       |       |     9 |    18 |       ||    27
       Greater Servant o |       |       |       |     3 |     9 |       ||    12
 Abil: Heal Wounds       |       |     3 |     8 |    33 |    31 |       ||    75
Evoke: Wand              |       |       |       |     2 |     4 |       ||     6
  Use: Scroll            |       |       |    10 |     9 |    13 |       ||    32
       Potion            |       |       |       |     1 |    12 |     1 ||    14
 Stab: Distracted        |       |       |       |       |     6 |       ||     6
       Petrified         |       |       |       |       |     1 |       ||     1
       Invisible         |       |       |       |       |     9 |       ||     9
  Eat: Chunk             |       |     1 |     7 |    23 |    20 |     1 ||    52
Armor: Scale mail        |    78 |    31 |   180 |    46 |       |       ||   335
       Chain mail        |       |       |       |    69 |       |       ||    69
       Plate armour      |       |       |       |   586 |   889 |   117 ||  1592
Dodge: Dodged            |    35 |    30 |   191 |   441 |   625 |    61 ||  1383
Block: Kite shield       |    61 |    52 |   271 |   752 |       |       ||  1136

Table legend:
 A = Non-vault XP
 B = Vault XP
 C = Vault XP percentage of total XP
 D = Non-vault monster count
 E = Vault monster count
 F = Vault count percentage of total count
                 A         B        C        D         E       F
            +---------+---------+-------+---------+---------+-------
      Total |  117753 |   57111 |  32.7 |     607 |     214 |  26.1
            +---------+---------+-------+---------+---------+-------
        D:1 |      38 |       0 |   0.0 |      20 |       0 |   0.0
        D:2 |      43 |       0 |   0.0 |       9 |       0 |   0.0
        D:3 |       6 |       0 |   0.0 |       2 |       0 |   0.0
        D:4 |     765 |       0 |   0.0 |      23 |       0 |   0.0
        D:5 |     438 |     823 |  65.3 |      14 |      14 |  50.0
        D:6 |    1352 |       0 |   0.0 |      33 |       0 |   0.0
        D:7 |    1142 |    1326 |  53.7 |      28 |      11 |  28.2
        D:8 |    1232 |     475 |  27.8 |      27 |       1 |   3.6
        D:9 |    2969 |     648 |  17.9 |      24 |       9 |  27.3
       D:10 |    2516 |    1165 |  31.6 |      35 |      23 |  39.7
       D:11 |    4619 |    1216 |  20.8 |      46 |       7 |  13.2
       D:12 |    8548 |       0 |   0.0 |      26 |       0 |   0.0
     Lair:1 |    4368 |       0 |   0.0 |      18 |       0 |   0.0
     Lair:2 |    4689 |     514 |   9.9 |      16 |       2 |  11.1
     Lair:3 |    8048 |     244 |   2.9 |      29 |       1 |   3.3
     Lair:4 |    8394 |    2665 |  24.1 |      31 |       8 |  20.5
     Lair:5 |    3621 |    3584 |  49.7 |      16 |      14 |  46.7
     Lair:6 |    6558 |    1167 |  15.1 |      29 |       2 |   6.5
   Shoals:1 |    1341 |       0 |   0.0 |       4 |       0 |   0.0
   Shoals:2 |    2016 |       0 |   0.0 |       4 |       0 |   0.0
   Shoals:3 |    4414 |       0 |   0.0 |       9 |       0 |   0.0
   Shoals:4 |    3092 |    9059 |  74.6 |      12 |      17 |  58.6
   Spider:1 |     703 |    1891 |  72.9 |       3 |       2 |  40.0
   Spider:2 |    8878 |       0 |   0.0 |      28 |       0 |   0.0
   Spider:3 |   15969 |       0 |   0.0 |      58 |       0 |   0.0
   Spider:4 |    8321 |   23037 |  73.5 |      22 |      38 |  63.3
    Slime:2 |    3666 |       0 |   0.0 |      13 |       0 |   0.0
    Slime:3 |    2395 |       0 |   0.0 |       1 |       0 |   0.0
    Slime:4 |    4710 |       0 |   0.0 |       3 |       0 |   0.0
      Orc:1 |    2348 |       0 |   0.0 |      20 |       0 |   0.0
      Orc:2 |     554 |    4487 |  89.0 |       4 |      39 |  90.7
      IceCv |       0 |    4810 | 100.0 |       0 |      26 | 100.0
            +---------+---------+-------+---------+---------+-------
